 Dungeon Crawl Stone Soup version 0.28-a0-1389-gc726bef33b (webtiles) character file.

Game seed: 13287993991589979508

5024 Lekart the Basher (level 10, -13/84 HPs)
             Began as a Pale Draconian Fighter on Jan 3, 2022.
             Was a High Priest of Okawaru.
             Mangled by a shadow (24 damage)
             ... on level 9 of the Dungeon.
             The game lasted 00:16:57 (8984 turns).

Lekart the Basher (Pale Draconian Fighter)          Turns: 8984, Time: 00:16:57

Health: -13/84     AC:  9    Str: 19    XL:     10   Next: 30%
Magic:  15/15      EV: 14    Int: 11    God:    Okawaru [*****.]
Gold:   360        SH:  5    Dex: 14    Spells: 9/9 levels left

rFire   . . .      SeeInvis .   m - +9 mace "Jozxotept" {venom, +Blink rN++ Int+2}
rCold   . . .      Faith    .   b - +0 buckler
rNeg    + + .      Spirit   .   (armour unavailable)
rPois   .          Reflect  .   (helmet restricted)
rElec   .          Harm     .   n - +1 cloak
rCorr   .          Rampage  .   (no gloves)
Will    .....                   (no boots)
Stlth   +.........              (no amulet)
HPRegen 0.24/turn               (no ring)
MPRegen 0.14/turn               (no ring)

@: no status effects
A: breathe steam, AC +7, unfitting armour, cold-blooded, steam resistance
a: Breathe Steam, Renounce Religion, Evoke Blink, Heroism, Finesse, Duel


You were on level 9 of the Dungeon.
You worshipped Okawaru.
Okawaru was extremely pleased with you.
You visited 1 branch of the dungeon, and saw 9 of its levels.

You collected 575 gold pieces.
You spent 215 gold pieces at shops.

Inventory:

Hand Weapons
 a - a +0 war axe
 m - the +9 mace "Jozxotept" (weapon) {venom, +Blink rN++ Int+2}
   (You found it on level 2 of the Dungeon)

   It poisons the flesh of those it strikes.
   Int:       It affects your intelligence (+2).
   rN:        It greatly protects you from negative energy.
   +Blink:    It lets you blink.
Missiles
 j - 11 boomerangs (quivered)
 o - 3 throwing nets
 t - a curare-tipped dart
 u - 35 poisoned darts
Armour
 b - a +0 buckler (worn)
 f - an orb of mayhem
 n - a +1 cloak (worn)
 B - a +0 pair of gloves
Jewellery
 r - a ring of resist corrosion
Wands
 c - a wand of polymorph (5)
 g - a wand of flame (17)
 y - a wand of iceblast (13)
 C - a wand of digging (7)
 D - a wand of mindburst (3)
 E - a wand of acid (4)
Scrolls
 e - 2 scrolls of teleportation
 l - a scroll of fog
 p - 2 scrolls of magic mapping
 s - a scroll of silence
 v - 2 scrolls of holy word
 w - 2 scrolls of enchant armour
 x - 2 scrolls of immolation
 A - 3 scrolls of identify
Potions
 d - a potion of invisibility
 i - a potion of lignification
 k - a potion of magic
 q - 3 potions of might
 z - a potion of curing


   Skills:
 + Level 6.6 Fighting
 + Level 3.5(6.6) Axes
 + Level 8.7(9.1) Maces & Flails
 + Level 4.1 Throwing
 + Level 6.3 Dodging
 + Level 4.7 Shields
 * Level 7.1 Invocations
 + Level 0.7 Evocations


You had 9 spell levels left.
You didn't know any spells.
Your spell library contained the following spells:

 Spells                   Type           Power      Damage    Failure   Level
 Apportation              Tloc           0%         N/A       34%         1
 Freeze                   Ice            0%         1d3       34%         1
 Pain                     Necr           0%         1d4       34%         1
 Frozen Ramparts          Ice            0%         1d2       71%         3
 Ignite Poison            Fire/Tmut/Pois 0%         N/A       71%         3
 Mephitic Cloud           Conj/Pois/Air  0%         N/A       71%         3
 Hailstorm                Conj/Ice       0%         3d3       98%         4
 Agony                    Necr           0%         N/A       100%        5
 Excruciating Wounds      Necr           0%         N/A       100%        5
 Fireball                 Conj/Fire      0%         3d3       100%        5
 Freezing Cloud           Conj/Ice/Air   0%         6-21      100%        5
 Starburst                Conj/Fire      0%         6d3       100%        6
 Ignition                 Fire           0%         3d3       100%        8
 Animate Skeleton         Necr           Unusable   N/A       N/A         1
 Summon Small Mammal      Summ           Unusable   N/A       N/A         1

Dungeon Overview and Level Annotations

Branches:
Dungeon (9/15)             Temple (0/1) D:4
   Lair: D:8-11         Orc: D:9-12

Altars:
Fedhas
Makhleb
Okawaru
Ru
Sif Muna
Yredelemnul
Zin

Shops:
D:6 ?

Annotations:
D:7 exclusion: 2 downstairs
D:8 3 runed translucent doors


Innate Abilities, Weirdness & Mutations

You can breathe blasts of scalding, opaque steam.
Your pale cyan-grey scales are hard. (AC +7)
You cannot fit into any form of body armour.
You are cold-blooded and may be slowed by cold attacks.
You are immune to the effects of steam.


Message History

The yak misses you. The yak barely misses you.
You completely miss the yak.
Your tail-slap misses the yak.
The yak is moderately wounded.
The yak gores you. The yak gores you!
You sock the yak!
The yak looks as sick as possible!
You tail-slap the yak.
The yak is severely wounded.
You have got your breath back.
The yak gores you!
* * * LOW HITPOINT WARNING * * *
You block the yak's attack.
A killer bee comes into view.
The killer bee buzzes angrily.
You hear an angry buzzing noise. x3
You hear an angry buzzing noise. x2
You block the killer bee's attack.
A killer bee comes into view.
The killer bee stings you.
* * * LOW HITPOINT WARNING * * *
Okay, then.
As you read the scroll of fear, it crumbles to dust.
You assume a fearsome visage.
The yak looks frightened! x2
The killer bee looks frightened! x2
You kill the yak!
Okawaru accepts your kill.
You can now enter into single combat with a foe.
Okawaru will now gift you equipment as you gain piety.
A killer bee comes into view. x2
The killer bee moves out of view.
A killer bee comes into view.
The killer bee buzzes angrily.
You hear an angry buzzing noise.
A killer bee comes into view.
You block the killer bee's attack.
You hit the killer bee but do no damage.
The killer bee is poisoned.
The killer bee closely misses you. The killer bee stings you.
* * * LOW HITPOINT WARNING * * *
The shadow strikes at you from the darkness!
As you read the scroll of fear, it crumbles to dust.
You assume a fearsome visage.
The killer bee looks frightened! x3
The shadow strikes at you from the darkness!
You die...

##............[).÷..8.....
##..#....................
#....#..).............##.
##........)...............
.##................y#..#..
.............y............
................>y.##..#.#
.................### ### #
.#...........y..@.####
...................#.##
..................†...#
.....................##
#.#............##....### ##
...............#..Y....##.##
..................†.#
..........#....#.†.#
..............#......


You could see a yak (fleeing, very poisoned) and 4 killer bees.

Vanquished Creatures
  The ghost of Conn the Firebug, a novice OpFE (D:5)
  A merfolk (D:7)
  Prince Ribbit (D:5)
  Sigmund (D:3)
  A basilisk (D:9)
  Grum (D:8)
  5 yaks (D:9)
  A steam dragon (D:8)
  A water moccasin (D:7)
  An acid dragon (D:9)
  3 ice beasts
  A hornet zombie (D:7)
  A black bear (D:4)
  An ogre (D:7)
  4 wolves (D:7)
  2 centaurs
  A phantom (D:5)
  3 kobold brigands
  A wyvern zombie (D:8)
  3 scorpions
  A water moccasin zombie (D:5)
  A water moccasin skeleton (D:5)
  5 killer bees
  A howler monkey (D:7)
  A bullfrog skeleton (D:6)
  A gnoll shaman (D:5)
  3 hounds
  A centaur zombie (D:6)
  2 orc priests (D:8)
  Crazy Yiuf (D:2)
  Jessica (D:3)
  An iguana (D:2)
  4 orc wizards
  A hound zombie (D:5)
  A hound skeleton (D:5)
  Robin (D:2)
  17 gnolls
  8 adders
  An ufetubus (D:6)
  A worm (D:3)
  A dart slug (D:2)
  11 orcs
  5 ball pythons
  6 endoplasms
  7 giant cockroaches
  16 goblins
  5 hobgoblins
  6 jackals
  6 quokkas
  5 bats
  3 frilled lizards
  19 kobolds
  4 rats
181 creatures vanquished.

Vanquished Creatures (collateral kills)
  An orc (D:8)
  A kobold (D:7)
2 creatures vanquished.

Grand Total: 183 creatures vanquished

Notes
Turn   | Place    | Note
-------+----------+-------------------------------------------
     0 | D:1      | Lekart the Draconian Fighter began the quest for the Orb.
     0 | D:1      | Reached XP level 1. HP: 19/19 MP: 1/1
   274 | D:1      | Reached XP level 2. HP: 26/26 MP: 2/2
   919 | D:1      | Found a faded altar of an unknown god.
   922 | D:1      | Reached XP level 3. HP: 31/31 MP: 3/3
   927 | D:1      | Prayed at the altar of an unknown god.
   927 | D:1      | Became a worshipper of Warmaster Okawaru
   927 | D:1      | Reached * piety under Okawaru
  1415 | D:2      | Found a runed translucent door.
  1416 | D:2      | Noticed Crazy Yiuf
  1458 | D:2      | Reached skill level 1 in Invocations
  1458 | D:2      | Reached XP level 4. HP: 15/40 MP: 1/4
  1687 | D:2      | Killed Crazy Yiuf
  1711 | D:2      | Identified the +9 mace "Jozxotept" {venom, +Blink rN++
                  | Int+2}
  2060 | D:2      | Found a burning altar of Makhleb.
  2060 | D:2      | Noticed Robin
  2080 | D:2      | Reached XP level 5. HP: 40/46 MP: 4/6
  2082 | D:2      | Killed Robin
  2493 | D:3      | Found a basalt altar of Yredelemnul.
  2661 | D:3      | Reached skill level 1 in Maces & Flails
  2750 | D:3      | Found a sacrificial altar of Ru.
  2832 | D:3      | Noticed Jessica
  2847 | D:3      | Killed Jessica
  3106 | D:3      | Noticed Sigmund
  3114 | D:3      | Killed Sigmund
  3115 | D:3      | Reached skill level 3 in Maces & Flails
  3115 | D:3      | Reached XP level 6. HP: 45/52 MP: 6/8
  3709 | D:4      | Your scales start taking on a pale cyan-grey colour.
  3709 | D:4      | Reached XP level 7. HP: 59/59 MP: 9/9
  3709 | D:4      | Gained mutation: You are immune to the effects of steam.
                  | [Pale Draconian growth]
  3795 | D:4      | Found a staircase to the Ecumenical Temple.
  3804 | D:4      | You fall into a shaft and drop 1 floor!
  3804 | D:5      | Entered Level 5 of the Dungeon
  3845 | D:5      | Reached skill level 4 in Maces & Flails
  3926 | D:5      | Found a runed translucent gate.
  3926 | D:5      | Found a runed translucent gate.
  3927 | D:5      | Found a runed translucent gate.
  3930 | D:5      | Noticed Conn's ghost (novice OpFE)
  3940 | D:5      | Noticed Prince Ribbit
  3965 | D:5      | Killed Prince Ribbit
  3965 | D:5      | Reached ** piety under Okawaru
  3971 | D:5      | Reached skill level 5 in Maces & Flails
  4094 | D:5      | Reached XP level 8. HP: 67/67 MP: 11/11
  4755 | D:5      | Killed Conn's ghost
  4755 | D:5      | Reached *** piety under Okawaru
  4756 | D:5      | Reached skill level 5 in Fighting
  4756 | D:5      | Reached skill level 6 in Maces & Flails
  4756 | D:5      | Reached skill level 1 in Throwing
  4756 | D:5      | Reached skill level 5 in Invocations
  4763 | D:5      | Reached skill level 7 in Maces & Flails
  4794 | D:6      | Found Alakuoc's Magic Scroll Boutique.
  4833 | D:6      | Reached XP level 9. HP: 45/74 MP: 12/12
  5081 | D:6      | Found a shimmering blue altar of Sif Muna.
  5269 | D:6      | Bought a scroll of holy word for 75 gold pieces
  5269 | D:6      | Bought a scroll of enchant armour for 75 gold pieces
  5269 | D:6      | Bought a scroll of immolation for 35 gold pieces
  5269 | D:6      | Bought a scroll of teleportation for 30 gold pieces
  5507 | D:6      | Reached skill level 5 in Dodging
  5558 | D:6      | Found a blossoming altar of Fedhas.
  5565 | D:6      | Reached **** piety under Okawaru
  5625 | D:7      | Gained mutation: You are robust. (+10% HP) [potion of
                  | mutation]
  5625 | D:7      | Lost mutation: You are robust. (+10% HP) [potion of
                  | mutation]
  6152 | D:7      | Found a glowing silver altar of Zin.
  6370 | D:7      | Noticed Harold
  6374 | D:7      | Noticed Harold
  6374 | D:7      | Harold changed into Harold the merfolk
  6398 | D:7      | Killed Harold the merfolk
  6398 | D:7      | Received a gift from Okawaru
  6904 | D:8      | Noticed Grum
  6912 | D:7      | Reached skill level 8 in Maces & Flails
  6938 | D:8      | Killed Grum
  8150 | D:8      | Found a runed translucent gate.
  8150 | D:8      | Found a runed translucent gate.
  8150 | D:8      | Found a runed translucent gate.
  8151 | D:8      | Noticed a white ugly thing
  8151 | D:8      | Noticed a cyan ugly thing
  8152 | D:8      | Noticed a red ugly thing
  8153 | D:8      | Noticed a cyan ugly thing
  8159 | D:8      | Noticed a glowing orange brain
  8235 | D:8      | Reached XP level 10. HP: 83/83 MP: 15/15
  8981 | D:9      | Reached ***** piety under Okawaru
  8984 | D:9      | Mangled by a shadow

Illustrated notes

Levels and vault maps discovered:
D:1:      shiori_arrival_elements, layout_basic,
          dreamdust_ecumenical_altar_grove, minmay_pentomino_s4
D:2:      layout_loops_ring, basic_altar, uniq_crazy_yiuf_cottage, uniq_robin
D:3:      layout_loops_corners, nicolae_ru_the_path_less_chosen,
          lemuel_round_altar, uniq_jessica, uniq_sigmund
D:4:      layout_basic, mainiacjoe_overflow_24_doors,
          nicolae_gozag_cash_rules_everything_around_me,
          minmay_temple_entry_large_hall, uniq_eustachio
D:5:      layout_loops_ring, gammafunk_ghost_necromancy,
          chequers_serial_rivers_marsh, uniq_prince_ribbit1
D:6:      layout_rooms, mainiacjoe_overflow_paths,
          fedhas_bush_and_centaur_altar, nicolae_inconvenience_store
D:7:      layout_cave_pods, zin_academy, minmay_misc_feat_secret_circle,
          uniq_harold
D:8:      layout_cave_pools, ploomutoo_gammafunk_ghost_potion_laboratory,
          grunt_decor_cap, uniq_grum
D:9:      layout_cross, slow_altar_1, biasface_ghost_orc_armoury,
          minmay_evil_grid

Skill      XL: |  1  2  3  4  5  6  7  8  9 10 |
---------------+-------------------------------+-----
Dodging        | 3 4 5 6 |  6.3
Invocations    | 1 2 3 4 5 6 7 |  7.1
Axes           | 3 |  3.5
Maces & Flails | 3 5 7 8 |  8.7
Fighting       | 4 5 6 |  6.6
Shields        | 4 |  4.7
Throwing       | 1 3 4 |  4.1
Evocations     | |  0.7

Action                   |  1- 3 |  4- 6 |  7- 9 | 10-12 || total
-------------------------+-------+-------+-------+-------++-------
Melee: War axe           |    88 |     8 |       |       ||    96
       Tailslap          |     5 |     8 |    30 |     4 ||    47
       Mace              |       |    91 |   199 |    42 ||   332
Throw: Boomerang         |     2 |       |    62 |     5 ||    69
Invok: Heroism           |     4 |    10 |       |       ||    14
       Finesse           |       |       |     1 |       ||     1
 Abil: Breathe Steam     |       |       |     7 |     3 ||    10
Evoke: Wand              |       |       |     3 |       ||     3
  Use: Potion            |       |     1 |     6 |       ||     7
       Scroll            |       |     9 |     2 |     2 ||    13
 Stab: Sleeping          |     1 |     2 |     1 |       ||     4
Armor: Skin              |    30 |    21 |    76 |    12 ||   139
Dodge: Dodged            |    61 |    77 |   169 |    24 ||   331
Block: Buckler           |    20 |    31 |    29 |    16 ||    96

Table legend: (Time is in decaauts)
 A = Elapsed time spent in this place.
 B = Non-inter-level travel time spent in this place.
 C = Inter-level travel time spent in this place.
 D = Time resting spent in this place.
 E = Time spent auto-exploring this place.
 F = Levels seen in this place.
 G = Mean time per level.
                   A        B        C        D        E       F      G
               +--------+--------+--------+--------+--------+-----+--------+
         Total |   9047 |   8732 |    315 |   1653 |   5504 |   9 | 1005.2 |
       Dungeon |   9047 |   8732 |    315 |   1653 |   5504 |   9 | 1005.2 |
               +--------+--------+--------+--------+--------+-----+--------+

Top non-repeatable levels by time:
     D:7: 2111 daAuts
     D:1: 1316 daAuts
     D:2: 1133 daAuts
     D:3: 1070 daAuts
     D:5: 995 daAuts
     D:8: 944 daAuts
     D:6: 798 daAuts
     D:4: 341 daAuts
     D:9: 334 daAuts
